 Dungeon Crawl Stone Soup version 0.32-a0-422-g28b100f618 (webtiles) character file.

Game seed: 3597379869116159494

144 shadowstone the Chopper (level 5, -16/42 HPs)
             Began as a Mountain Dwarf Reaver on Feb 21, 2024.
             Demolished by a gnoll sergeant
             ... wielding a +8 heavy spear
              (20 damage)
             ... on level 3 of the Dungeon.
             The game lasted 00:06:57 (2176 turns).

shadowstone the Chopper (Mountain Dwarf Reaver)     Turns: 2176, Time: 00:06:58

Health: -16/42     AC:  7    Str: 16    XL:     5   Next: 5%
Magic:  2/8        EV: 10    Int: 14    God:
Gold:   153        SH:  0    Dex:  8    Spells: 5/8 levels left

rFire   . . .        j - +2 battleaxe (freeze)
rCold   . . .        (shield currently unavailable)
rNeg    . . .        f - +0 ring mail
rPois   .            (no helmet)
rElec   .            g - +0 cloak
rCorr   .            (no gloves)
SInv    .            c - +0 pair of boots
Will    +....        (no amulet) Stlth
                     m - ring of willpower
HPRegen 0.27/turn    (no ring)
MPRegen 0.11/turn

%: no passive effects
@: very slightly contaminated
A: runic magic, artefact enchanting
a: no special abilities


You were on level 3 of the Dungeon.
You visited 1 branch of the dungeon, and saw 3 of its levels.

You collected 153 gold pieces.

Inventory:

Hand Weapons
 a - a +0 hand axe
 j - a +2 battleaxe of freezing (weapon)
Armour
 b - a +0 leather armour
 c - a +0 pair of boots (worn)
 f - a +0 ring mail (worn)
 g - a +0 cloak (worn)
 l - a +0 tower shield
Jewellery
 m - a ring of willpower (left hand)
Wands
 k - a wand of quicksilver (9)
Scrolls
 e - a scroll of teleportation
 h - 2 scrolls of identify
Potions
 d - a potion of lignification
 i - 3 potions of curing {unknown}


   Skills:
 + Level 2.5 Fighting
 + Level 4.7 Axes
 + Level 2.8 Armour
 + Level 2.0 Dodging
 + Level 2.0 Spellcasting
 + Level 3.1 Conjurations


You had 5 spell levels left.
You knew the following spells:

 Your Spells              Type           Power      Damage    Failure   Level
a - Kiss of Death         Conj/Necr      20%        2d7       14%         1
b - Momentum Strike       Conj/Tloc      10%        3d8       22%         2

Your spell library contained the following spells:

 Spells                   Type           Power      Damage    Failure   Level
 Cigotuvi's Dreadful Rot  Necr/Alch/Air  2%         N/A       38%         2
 Hailstorm                Conj/Ice       5%         3d5       38%         3
 Ignite Poison            Fire/Alch      1%         N/A       95%         4
 Freezing Cloud           Conj/Ice/Air   2%         6-21      99%         5


Dungeon Overview and Level Annotations

Branches:
Dungeon (3/15)

Altars:


Innate Abilities, Weirdness & Mutations

Your spellcasting is much less encumbered by armour.
You can use scrolls of enchantment on lesser artefacts.


Message History

A gnoll sergeant comes into view. It is wielding a +8 heavy spear.
The gnoll hits you from afar with a +0 halberd!
The gnoll sergeant shouts!
You slash the gnoll! You freeze the gnoll.
You kill the gnoll!
The gnoll hits you from afar with a +0 spear.
The gnoll hits you but does no damage. The gnoll hits you with a +0 spear.
The gnoll hits you with a +0 halberd.
Casting: Momentum Strike (safe; 22% risk of failure)
Confirm with . or Enter, or press ? or * to list all spells.
Aiming: Momentum Strike (safe; 22% risk of failure)
Press: ? - help, Dir - move target, f - gnoll
Aim: a gnoll, wielding a +0 flail (72% to hit)
You miscast Momentum Strike.
Nothing appears to happen.
The gnoll hits you but does no damage. x2; The gnoll sergeant misses you.
The gnoll barely misses you.
Casting: Momentum Strike (safe; 22% risk of failure)
Confirm with . or Enter, or press ? or * to list all spells.
You don't know that spell.
You hit the gnoll. You freeze the gnoll.
The gnoll is heavily wounded.
You barely miss the gnoll. You slash the gnoll! You freeze the gnoll.
The gnoll hits you but does no damage. The gnoll barely misses you.
The gnoll hits you with a +0 flail. The gnoll sergeant barely misses you.
The gnoll barely misses you. x3
You slash the gnoll! You freeze the gnoll.
You kill the gnoll!
You barely miss the gnoll. x2; The gnoll hits you with a +0 halberd!
* * * LOW HITPOINT WARNING * * *
The gnoll hits you but does no damage. The gnoll sergeant barely misses you.
You slash the gnoll! You freeze the gnoll.
You kill the gnoll!
You barely miss the gnoll. You hit the gnoll. You freeze the gnoll.
You kill the gnoll!
The gnoll hits you with a +0 flail.
* * * LOW HITPOINT WARNING * * *
The gnoll sergeant barely misses you. The gnoll closely misses you.
You have reached level 5!
The gnoll sergeant hits you from afar with a +8 heavy spear!!
You die...

########### #.........#
#.......).# #.........#
#.........#####
###.###.##..>..'...#
........)#g....###.###
.##. ##.###.##..@..###
#...# .#.. .......
#.#)..# ###.# ...##.###.#
...#g..# ####.#
.#.#...... #.#[#...#
#....#
.#...##.##...#.....#
#.####
.#.#.#...#.#.#.#.... #.#
...#...⌠...#...#..... #.#
.#.#.#...#.#.#.#......#.#
.#...##.##...#..# #.#


You could see a gnoll sergeant and a gnoll.

Vanquished Creatures
  4 gnolls (D:3)
  3 adders
  A dart slug (D:1)
  2 ball pythons
  2 giant cockroaches
  2 goblins
  4 hobgoblins
  4 jackals (D:2)
  8 kobolds
  2 quokkas
  5 bats
  4 frilled lizards
  6 rats
47 creatures vanquished.

Notes
Turn   | Place    | Note
-------+----------+-------------------------------------------
     0 | D:1      | shadowstone the Mountain Dwarf Reaver began the quest for
                  | the Orb.
     0 | D:1      | Reached XP level 1. HP: 17/17 MP: 3/3
   414 | D:1      | Reached XP level 2. HP: 24/24 MP: 4/4
   455 | D:1      | Learned a level 2 spell: Momentum Strike
   987 | D:1      | Reached XP level 3. HP: 22/25 MP: 5/5
  1065 | D:2      | Reached skill level 1 in Armour
  1087 | D:2      | Reached skill level 4 in Axes
  1344 | D:2      | Reached XP level 4. HP: 33/36 MP: 6/6
  2169 | D:3      | Noticed a gnoll sergeant
  2176 | D:3      | Reached XP level 5. HP: 4/42 MP: 2/8
  2176 | D:3      | Demolished by a gnoll sergeant

Illustrated notes

Levels and vault maps discovered:
D:1:      amcnicky_arrival_double_pillar, layout_basic, minmay_quantized
D:2:      layout_rooms, hangedman_decor_push
D:3:      layout_basic, hellmonk_sif_muna_bookshelves,
          nicolae_concentric_dashed_squares_wild, nicolae_figureground_sparkle

Skill      XL: |  1  2  3  4 |
---------------+-------------+-----
Conjurations   | 3 |  3.1
Armour         | 1 2 |  2.8
Axes           | 4 |  4.7
Dodging        | 2 |  2.0
Spellcasting   | 2 |  2.0
Fighting       | |  2.5

Action                     |  1- 3 |  4- 6 || total
---------------------------+-------+-------++-------
  Melee: Hand axe          |    98 |     1 ||    99
         Battleaxe         |       |    38 ||    38
   Cast: Kiss of Death     |     2 |       ||     2
         Momentum Strike   |     2 |     1 ||     3
    Use: Scroll            |     1 |       ||     1
         Potion            |     1 |       ||     1
 Armour: Leather armour    |    10 |       ||    10
         Ring mail         |    70 |    55 ||   125
  Dodge: Dodged            |    75 |    52 ||   127

Table legend: (Time is in decaauts)
 A = Elapsed time spent in this place.
 B = Non-inter-level travel time spent in this place.
 C = Inter-level travel time spent in this place.
 D = Time resting spent in this place.
 E = Time spent auto-exploring this place.
 F = Levels seen in this place.
 G = Mean time per level.
                   A        B        C        D        E       F      G
               +--------+--------+--------+--------+--------+-----+--------+
         Total |   2203 |   2139 |     64 |    566 |    501 |   3 |  734.3 |
       Dungeon |   2203 |   2139 |     64 |    566 |    501 |   3 |  734.3 |
               +--------+--------+--------+--------+--------+-----+--------+

Top non-repeatable levels by time:
     D:1: 1030 daAuts
     D:2: 643 daAuts
     D:3: 529 daAuts
